[Event "10th Iberoamericano-ch 2024"]
[Site "Linares"]
[Date "2024.10.01"]
[Round "9.30"]
[White "Palma Villanueva, Miguel Tadeo"]
[Black "Suarez Gomez, Paula"]
[Result "1-0"]
[Annotator "RC"]
[ECO "C11"]
[WhiteElo "2255"]
[BlackElo "2111"]
[PlyCount "153"]
[EventDate "2024.09.25"]
[EventType "swiss"]
[EventCountry "ESP"]
[SourceTitle "playchess.com"]
[Source "ChessBase"]
[SourceQuality "1"]
[TimeControl "5400+30"]

1. e4 e6 2. d4 d5 3. Nc3 Nf6 4. Bg5 dxe4 5. Nxe4 Be7 6. Bxf6 gxf6 7. Nf3 f5 8. Ned2 a6 9. c3 c5 10. dxc5 Bxc5 11. Nb3 Bd6 12. Qd2 Qe7 13. O-O-O Bc7 14. Bd3 Nc6 15. Rde1 Qf6 16. Rhg1 h5 17. Qc2 Ne7 18. h4 Bd7 19. Nc5 O-O-O 20. Nd4 Nd5 21. g3 Nb4 22. cxb4 Qxd4 23. a3 Bb5 24. Rd1 Bxd3 25. Rxd3 Qf6 26. Rc3 Qe7 27. Kb1 Kb8 28. Rc1 Be5 29. Rc4 Rd5 30. f4 Bd6 31. Na4 Rb5 32. Rc8+ Rxc8 33. Qxc8+ Ka7 34. Qh8 Bc7 35. Qd4+ Kb8 36. Nc5 Ka8 37. a4 Rb6 38. Nd7 Rd6 39. Rxc7 Rxd4 40. Nb6+ Ka7 41. Nc8+ Kb8 42. Rxe7 Kxc8 43. Rxf7 Rd3 44. Rg7 Kb8 45. Kc2 Re3 46. a5 Kc8 47. b3 Kb8 48. Kb2 Re2+ 49. Ka3 Re4 50. Kb2 Re3 51. Ka3 Re4 52. Ka4 Rd4 53. Re7 Re4 54. Rh7 Re3 55. Rxh5 Rxg3 56. Rh6 Re3 57. h5 Re4 58. Rf6 Rxf4 59. Rxe6 Rh4 60. h6 Rh3 61. Rf6 f4 62. Rf8+ Ka7 63. Rf6 Kb8 64. b5 axb5+ 65. Kb4 Ka7 66. Kxb5 Rxb3+ 67. Kc4 Rh3 68. Kd4 f3 69. Ke3 Kb8 70. Kf4 Rh1 71. Kg5 Rg1+ 72. Kh5 Rg3 73. Kh4 Rg8 74. Rxf3 Ka7 75. h7 Rb8 76. Kh5 Ka6 77. Rf5 1-0

[Event "10th Iberoamericano-ch 2024"]
[Site "Linares"]
[Date "2024.10.01"]
[Round "9.31"]
[White "Sicilia Laino, Juan Diego"]
[Black "Masague Artero, Guerau"]
[Result "0-1"]
[Annotator "RC"]
[ECO "B13"]
[WhiteElo "2090"]
[BlackElo "2251"]
[PlyCount "50"]
[EventDate "2024.09.25"]
[EventType "swiss"]
[EventCountry "ESP"]
[SourceTitle "playchess.com"]
[Source "ChessBase"]
[SourceQuality "1"]
[TimeControl "5400+30"]

1. e4 c6 2. d4 d5 3. exd5 cxd5 4. Bd3 Nc6 5. c3 Qc7 6. Ne2 Bg4 7. f3 Bd7 8. Bf4 e5 9. dxe5 Nxe5 10. O-O Bd6 11. Bxe5 Bxe5 12. f4 Bd6 13. Nd2 Nf6 14. h3 O-O 15. Qc2 Rfe8 16. Nb3 Rac8 17. Nbd4 Ne4 18. Rad1 a6 19. Qb3 Nf6 20. Rde1 Re3 21. Bf5 Rce8 22. Bxd7 Qxd7 23. Rf3 R3e4 24. Qd1 Bc5 25. Ref1 Rxe2 0-1

[Event "10th Iberoamericano-ch 2024"]
[Site "Linares"]
[Date "2024.10.01"]
[Round "9.32"]
[White "Rodriguez Lopez, Rafael"]
[Black "Lorente Serrano, Rosa Adela"]
[Result "1-0"]
[Annotator "RC"]
[ECO "B51"]
[WhiteElo "2150"]
[BlackElo "2087"]
[PlyCount "95"]
[EventDate "2024.09.25"]
[EventType "swiss"]
[EventCountry "ESP"]
[SourceTitle "playchess.com"]
[Source "ChessBase"]
[SourceQuality "1"]
[TimeControl "5400+30"]

1. e4 c5 2. Nf3 d6 3. Bb5+ Nd7 4. d4 cxd4 5. Nxd4 Ngf6 6. O-O e6 7. Re1 Be7 8. Bf1 O-O 9. c4 a6 10. Nc3 Qc7 11. Be3 b6 12. Rc1 Bb7 13. f3 Rac8 14. Kh1 Rfd8 15. Qd2 Bf8 16. a3 Qb8 17. Qf2 Qa8 18. Na4 h6 19. Nb3 d5 20. exd5 exd5 21. Nxb6 Nxb6 22. Bxb6 Rd7 23. c5 d4 24. Nxd4 Nd5 25. b4 Nxb6 26. cxb6 Rxc1 27. Rxc1 Qd8 28. Nb3 Bd6 29. Re1 Bf4 30. Nc5 Re7 31. Rxe7 Qxe7 32. Bxa6 Bxa6 33. Nxa6 Qb7 34. Nc7 Bxc7 35. bxc7 Qxc7 36. Qb2 Qd7 37. Qb1 Qb5 38. h3 h5 39. Qb3 h4 40. a4 Qf1+ 41. Kh2 Qe1 42. f4 g5 43. b5 Qe4 44. Qd1 Qxf4+ 45. Kh1 Qb4 46. Qd8+ Kh7 47. Qxg5 Qxa4 48. Qh5+ 1-0

[Event "10th Iberoamericano-ch 2024"]
[Site "Linares"]
[Date "2024.10.01"]
[Round "9.33"]
[White "Li Chen, Helena Joana"]
[Black "Rocha, Maximiliano"]
[Result "1/2-1/2"]
[Annotator "RC"]
[ECO "C50"]
[WhiteElo "2068"]
[BlackElo "2143"]
[PlyCount "208"]
[EventDate "2024.09.25"]
[EventType "swiss"]
[EventCountry "ESP"]
[SourceTitle "playchess.com"]
[Source "ChessBase"]
[SourceQuality "1"]
[TimeControl "5400+30"]

1. e4 e5 2. Nf3 Nc6 3. Bc4 g6 4. Nc3 Bg7 5. a4 d6 6. d3 Nge7 7. Be3 O-O 8. Qd2 Bg4 9. Bh6 Bxf3 10. Bxg7 Kxg7 11. gxf3 Nd4 12. O-O-O f5 13. f4 fxe4 14. fxe5 dxe5 15. dxe4 c6 16. Qe3 Qb6 17. Ne2 Rad8 18. Nxd4 Rxd4 19. Qg5 Qc7 20. Rxd4 exd4 21. Rf1 Qf4+ 22. Qxf4 Rxf4 23. f3 g5 24. c3 dxc3 25. bxc3 Ng6 26. Kd2 Ne5 27. Be2 Kf6 28. Ke3 h6 29. a5 Ke6 30. Rb1 Rf7 31. Rh1 Rf4 32. h4 Rxh4 33. Rxh4 gxh4 34. f4 Nf7 35. Bg4+ Ke7 36. e5 b6 37. a6 h5 38. Bxh5 Nh6 39. Kf3 Ke6 40. Ke4 h3 41. Kf3 h2 42. Kg2 Kf5 43. e6 Ng8 44. Bf3 h1=Q+ 45. Kxh1 Ne7 46. Kg2 Kxf4 47. Bh5 Kg5 48. Be8 Kf4 49. Bd7 Ke4 50. Kg3 Ke5 51. Kg4 Kf6 52. Kf3 Nd5 53. Bxc6 Kxe6 54. c4 Nc7 55. Bb7 Ke5 56. Ke3 Kd6 57. Bc8 Kc5 58. Kd3 Ne8 59. Kc3 Nd6 60. Be6 Ne8 61. Bc8 Nf6 62. Be6 Kd6 63. Bf5 Ke5 64. Bh3 Ne4+ 65. Kb4 Kd6 66. Bf5 Nf6 67. Bg6 Kc6 68. Bf7 Kd6 69. Bg6 Ng8 70. Bh7 Nh6 71. Be4 Ng4 72. Bf3 Ne5 73. Be4 Nd7 74. Kb5 Nc5 75. Bd5 Kc7 76. Bf3 Nb3 77. Bb7 Kd6 78. Bd5 Nc1 79. Bf3 Nb3 80. Bd5 Kc7 81. Kb4 Nc5 82. Kb5 Kd6 83. Bg2 Ne6 84. Bb7 Kd7 85. Bc6+ Kd8 86. Bb7 Kc7 87. Bd5 Nc5 88. Bg2 Kd6 89. Bd5 Kd7 90. Bc6+ Kd6 91. Bd5 Nd7 92. Bc6 Ne5 93. Bd5 Ng6 94. Be4 Nf4 95. Kb4 Ne2 96. Bf3 Nf4 97. Be4 Ne6 98. Bg2 Nf4 99. Be4 Ne6 100. Bg2 Nf4 101. Be4 Ne6 102. Bg2 Nf4 103. Be4 Ne6 104. Bg2 Nf4 1/2-1/2

[Event "10th Iberoamericano-ch 2024"]
[Site "Linares"]
[Date "2024.10.01"]
[Round "9.34"]
[White "Vitier Vazquez, Cristian"]
[Black "Dias, Ivo Rodrigues"]
[Result "1-0"]
[Annotator "RC"]
[ECO "A06"]
[WhiteElo "2356"]
[BlackElo "2077"]
[PlyCount "91"]
[EventDate "2024.09.25"]
[EventType "swiss"]
[EventCountry "ESP"]
[SourceTitle "playchess.com"]
[Source "ChessBase"]
[SourceQuality "1"]
[TimeControl "5400+30"]

1. Nf3 d5 2. e3 Nf6 3. c4 e6 4. Nc3 a6 5. b3 Bd6 6. Bb2 Nbd7 7. Be2 O-O 8. Qc2 Re8 9. O-O b6 10. cxd5 exd5 11. Nd4 Nc5 12. f4 Qd7 13. Bf3 Bb7 14. Nd1 a5 15. Nf2 Ba6 16. Rfc1 Nfe4 17. Bg4 Qd8 18. Nxe4 dxe4 19. Nf5 Bf8 20. Qc3 f6 21. Nd4 Qd5 22. Ba3 Bd3 23. Bd1 Kh8 24. b4 axb4 25. Bxb4 Bd6 26. a4 Rad8 27. Nb3 Na6 28. Bxd6 Rxd6 29. a5 b5 30. Bc2 Bc4 31. Rab1 c5 32. Rd1 Nb4 33. Nc1 Qh5 34. Bb3 Nd5 35. Qc2 Red8 36. Re1 Nb4 37. Qxe4 Rxd2 38. Bxc4 bxc4 39. Qxc4 Nc2 40. Nb3 Nxe1 41. Nxd2 Nxg2 42. Qd3 Qe8 43. Qe4 Nxe3 44. Qxe8+ Rxe8 45. a6 Ra8 46. a7 1-0

[Event "10th Iberoamericano-ch 2024"]
[Site "Linares"]
[Date "2024.10.01"]
[Round "9.35"]
[White "Vehi Bach, Victor Manuel"]
[Black "Jodorcovsky Werjivker, Paulo"]
[Result "1-0"]
[Annotator "RC"]
[ECO "B33"]
[WhiteElo "2191"]
[BlackElo "2092"]
[PlyCount "95"]
[EventDate "2024.09.25"]
[EventType "swiss"]
[EventCountry "ESP"]
[SourceTitle "playchess.com"]
[Source "ChessBase"]
[SourceQuality "1"]
[TimeControl "5400+30"]

1. e4 c5 2. Nf3 Nc6 3. d4 cxd4 4. Nxd4 Nf6 5. Nc3 e6 6. Ndb5 Bc5 7. Bf4 O-O 8. Bc7 Qe7 9. Bd6 Bxd6 10. Qxd6 Qd8 11. Nc7 Rb8 12. Be2 b5 13. e5 b4 14. exf6 bxc3 15. fxg7 Kxg7 16. Qg3+ Kh8 17. b3 Qf6 18. Nb5 Ba6 19. a4 Bxb5 20. axb5 Nd4 21. Bd3 Rg8 22. Qh3 Qe5+ 23. Qe3 Qc5 24. Ra4 e5 25. O-O Rg7 26. Re1 d6 27. Rc4 Qd5 28. Be4 Qxb5 29. Rxc3 f5 30. Bf3 Qb4 31. Rd1 f4 32. Qd2 Rbg8 33. g3 fxg3 34. hxg3 Rf8 35. Bh5 Qb6 36. Re1 Nf5 37. Kh1 Nd4 38. Kg1 Qb7 39. Rd3 Rf5 40. Bd1 Rfg5 41. c3 Nf5 42. b4 e4 43. Rxd6 e3 44. Rd8+ Rg8 45. Rxe3 Nxe3 46. Qd4+ R5g7 47. Rxg8+ Kxg8 48. Bb3+ 1-0

[Event "10th Iberoamericano-ch 2024"]
[Site "Linares"]
[Date "2024.10.01"]
[Round "9.36"]
[White "Rodriguez Arrieta, Maria Elena"]
[Black "Prado Acebo, Ines"]
[Result "0-1"]
[Annotator "RC"]
[ECO "B40"]
[WhiteElo "1941"]
[BlackElo "2189"]
[PlyCount "62"]
[EventDate "2024.09.25"]
[EventType "swiss"]
[EventCountry "ESP"]
[SourceTitle "playchess.com"]
[Source "ChessBase"]
[SourceQuality "1"]
[TimeControl "5400+30"]

1. e4 c5 2. Nf3 e6 3. d3 Nc6 4. g3 Nf6 5. Bg2 d5 6. Nbd2 g6 7. O-O Bg7 8. Re1 O-O 9. c3 a5 10. Qe2 b6 11. c4 dxc4 12. dxc4 e5 13. Nb1 Bg4 14. Nc3 Nd4 15. Qd1 Ne8 16. h3 Be6 17. Nd5 Nd6 18. b3 Bxd5 19. cxd5 Qd7 20. Bb2 Rfc8 21. Rc1 a4 22. Nd2 axb3 23. axb3 b5 24. f4 f6 25. fxe5 fxe5 26. Nf3 Ra2 27. Bxd4 cxd4 28. Rxc8+ Qxc8 29. Ng5 Qc3 30. Rf1 Qxg3 31. Qf3 Qxg5 0-1

[Event "10th Iberoamericano-ch 2024"]
[Site "Linares"]
[Date "2024.10.01"]
[Round "9.37"]
[White "Guillo Longares, Cecilia"]
[Black "Gomez Carreno, Martin"]
[Result "0-1"]
[Annotator "RC"]
[ECO "D37"]
[WhiteElo "2036"]
[BlackElo "2124"]
[PlyCount "66"]
[EventDate "2024.09.25"]
[EventType "swiss"]
[EventCountry "ESP"]
[SourceTitle "playchess.com"]
[Source "ChessBase"]
[SourceQuality "1"]
[TimeControl "5400+30"]

1. d4 Nf6 2. c4 e6 3. Nf3 d5 4. Nc3 a6 5. cxd5 exd5 6. Bg5 Be6 7. e3 Nbd7 8. Bd3 Bd6 9. O-O c6 10. Bf4 Qc7 11. Bxd6 Qxd6 12. Qc2 O-O 13. Na4 Bg4 14. Nd2 Bh5 15. b4 b5 16. Nc5 Nb6 17. e4 dxe4 18. Ndxe4 Nxe4 19. Bxe4 Bg6 20. Rfd1 Rfe8 21. a3 Bxe4 22. Nxe4 Qg6 23. f3 Nd5 24. Re1 Re7 25. Rac1 Rae8 26. Qxc6 Nf4 27. Qc2 f5 28. Qa2+ Kh8 29. Qd2 fxe4 30. Qxf4 exf3 31. Qg3 Rxe1+ 32. Rxe1 Rxe1+ 33. Kf2 Qxg3+ 0-1

[Event "10th Iberoamericano-ch 2024"]
[Site "Linares"]
[Date "2024.10.01"]
[Round "9.38"]
[White "Maldonado Mena, German"]
[Black "Mayorga Araya, Sofia"]
[Result "1-0"]
[Annotator "RC"]
[ECO "A50"]
[WhiteElo "2123"]
[BlackElo "2087"]
[PlyCount "53"]
[EventDate "2024.09.25"]
[EventType "swiss"]
[EventCountry "ESP"]
[SourceTitle "playchess.com"]
[Source "ChessBase"]
[SourceQuality "1"]
[TimeControl "5400+30"]

1. d4 Nf6 2. c4 e6 3. Bf4 d5 4. cxd5 exd5 5. e3 c6 6. Bd3 Bb4+ 7. Nc3 O-O 8. Nge2 Nh5 9. Bg3 Re8 10. Nf4 Nxg3 11. Bxh7+ Kxh7 12. hxg3+ Kg8 13. Qh5 f6 14. Qg6 Kf8 15. Rh8+ Ke7 16. Qxg7+ Kd6 17. Rxe8 Qxe8 18. Qxf6+ Kc7 19. Nd3 Nd7 20. Qf4+ Bd6 21. Nxd5+ cxd5 22. Rc1+ Nc5 23. Rxc5+ Kd7 24. Rxd5 Qe6 25. Nc5+ Kc6 26. Nxe6 Bxf4 27. Nxf4 1-0

[Event "10th Iberoamericano-ch 2024"]
[Site "Linares"]
[Date "2024.10.01"]
[Round "9.39"]
[White "Atienza Alvarez, Javier"]
[Black "Garcia Paolicchi, Raul"]
[Result "1-0"]
[Annotator "RC"]
[ECO "D15"]
[WhiteElo "2119"]
[BlackElo "2030"]
[PlyCount "47"]
[EventDate "2024.09.25"]
[EventType "swiss"]
[EventCountry "ESP"]
[SourceTitle "playchess.com"]
[Source "ChessBase"]
[SourceQuality "1"]
[TimeControl "5400+30"]

1. d4 d5 2. Nf3 Nf6 3. c4 c6 4. Nc3 dxc4 5. e4 b5 6. Be2 b4 7. Na4 Nxe4 8. Bxc4 e6 9. O-O Be7 10. Re1 Nf6 11. Ne5 O-O 12. Bg5 Nd5 13. Bxe7 Qxe7 14. Rc1 Ba6 15. Nxc6 Nxc6 16. Bxd5 Na5 17. Bxa8 Rxa8 18. Qh5 Qd8 19. Qc5 Bb7 20. Qxb4 Qd5 21. f3 Rb8 22. Re5 Nc6 23. Rxd5 Nxb4 24. Rb5 1-0